 Dungeon Crawl Stone Soup version 0.19.5 (webtiles) character file.

17 n0isemaker the Grasshopper (level 2, 0/42 HPs)
             Began as a High Elf Warper on Apr 8, 2017.
             Succumbed to an adder's poison
             ... on level 2 of the Dungeon.
             The game lasted 00:03:41 (511 turns).

n0isemaker the Grasshopper (High Elf Warper)         Turns: 511, Time: 00:03:41

Health: 0/42       AC: 21    Str: 15    XL:     2   Next: 44%
Magic:  4/6        EV:  2    Int: 16    God:
Gold:   21         SH:  0    Dex: 14    Spells: 1 memorised, 4 levels left

rFire  . . .     SeeInvis .     a - +0 short sword
rCold  . . .     Gourm    .     (armour currently unavailable)
rNeg   + + +     Faith    .     (no shield)
rPois  +         Spirit   .     (helmet currently unavailable)
rElec  .         Reflect  .     (cloak currently unavailable)
rCorr  .         Harm     .     (gloves currently unavailable)
MR     .....     NoTele   +     (boots currently unavailable)
Stlth  ..........               (no amulet)
                                (no ring)
                                (no ring)

@: berserking, lethally poisoned (0 -> -9), tree-form, very quick
A: no striking features
a: no special abilities


You were on level 2 of the Dungeon.
You were not hungry.
You were a tree.
You visited 1 branch of the dungeon, and saw 2 of its levels.

You collected 21 gold pieces.

Inventory:

Hand Weapons
 a - a +0 short sword (weapon)
Missiles
 e - 5 tomahawks of dispersal (quivered)
Armour
 b - a +0 leather armour (melded)
 i - a +2 shield of protection
Scrolls
 d - a scroll of blinking
 g - a scroll of identify {unknown}
 k - a scroll of amnesia {unknown}
 m - a scroll of remove curse {unknown}
 n - a scroll of teleportation {unknown}
Potions
 l - a potion of curing {unknown}
Books
 c - a book of Spatial Translocations

   Spells                             Type                      Level
   a - Blink                          Translocation                2
   b - Shroud of Golubria             Charms/Translocation         2
   c - Lesser Beckoning               Translocation                3
   d - Portal Projectile              Translocation                3
   e - Teleport Other                 Translocation                3
   f - Passage of Golubria            Translocation                4
Comestibles
 f - a bread ration
 o - a meat ration


   Skills:
 + Level 2.2 Fighting
 + Level 2.8 Short Blades
 + Level 1.0 Throwing
 + Level 1.0 Armour
 + Level 2.5 Dodging
 + Level 2.6 Spellcasting
 + Level 3.4 Translocations


You had 4 spell levels left.
You knew the following spells:

 Your Spells              Type           Power        Failure   Level  Hunger
a - Blink                 Tloc           N/A          10%         2    ##.....


Dungeon Overview and Level Annotations

Branches:
Dungeon (2/15)

Altars:


Message History

You feel sick. The adder closely misses you. The adder bites you.
* * * LOW HITPOINT WARNING * * *
You closely miss the adder.
The adder is severely wounded.
* * * LOW HITPOINT WARNING * * *
You feel sick. The adder closely misses you.
You barely miss the adder.
The adder is severely wounded.
* * * LOW HITPOINT WARNING * * *
You feel sick. The adder completely misses you.
It was a potion of lignification.
You turn into a tree.
Your +0 leather armour melds into your body.
Your roots penetrate the ground.
* * * LOW HITPOINT WARNING * * *
You feel sick. The adder bites you.
* * * LOW HITPOINT WARNING * * *
It was a potion of berserk rage.
A red film seems to cover your vision as you go berserk!
You feel yourself moving faster!
You feel mighty!
You die...

#. #####.##### #
.........#######.#
#..........SS♣..#
###.....#.###b#####
............#.#
........#.#<#.#######
#.?.................
.......#..#.#.#######
#####...g.S.........#
##.#b.........#.#
#.#.##.#.###.#.#


You could see 2 adders and a bat.

Vanquished Creatures
  2 leopard geckos
  A giant cockroach (D:2)
  2 goblins
  3 hobgoblins
  3 bats (D:1)
  A frilled lizard (D:1)
  A kobold (D:1)
  A rat (D:1)
14 creatures vanquished.

Notes
Turn   | Place    | Note
-------+----------+-------------------------------------------
     0 | D:1      | n0isemaker the High Elf Warper began the quest for the Orb.
     0 | D:1      | Reached XP level 1. HP: 14/14 MP: 4/4
   204 | D:1      | Reached skill level 1 in Armour
   252 | D:1      | Reached XP level 2. HP: 19/19 MP: 6/6
   256 | D:1      | Learned a level 2 spell: Blink
   435 | D:1      | You fall through a shaft!
   510 | D:2      | HP: 1/28 [adder (1)]
   511 | D:2      | Succumbed to an adder's poison

Skill      XL: |  1 |
---------------+----+-----
Armour         | 1 |  1.0
Fighting       | |  2.2
Short Blades   | |  2.8
Throwing       | |  1.0
Dodging        | |  2.5
Spellcasting   | |  2.6
Translocations | |  3.4

Action                   || total
-------------------------++-------
Melee: Short sword       ||    36
 Cast: Blink             ||     6
  Use: Potion            ||     2
 Stab: Sleeping          ||     2
Armor: Leather armour    ||    10
Dodge: Dodged            ||    34
